AoeStats
← zuzmuz

Arabia

505698500Analyzed
3v3 RM · 21d ago on Sep 10, 2026· 59m 47s· 6 players
Game mode
Random Map
Map size
Normal (6 player)
Population
200
Speed
Normal
Resources
Standard
Victory
Conquest
Starting age
Dark Age
Ending age
Imperial Age
RankedLock teamsTeams togetherTeam positionsShared explorationLock speedFull tech treeHidden civsTurbo modeCheats
Victory
Defeat
🇬🇧 Britons · United Kingdom
1198
+17
🇬🇧 Franks · United Kingdom
1195
+17
🇬🇧 Mongols · United Kingdom
1176
+18
🇫🇷 Ethiopians · France
1227
-18
🇮🇶 Mongols · Iraq
1219
-17
🇱🇧 Persians · Lebanon
1205
-17
ScotJ
5:49 Loom
9:14 Feudal Age
10:28 Double-Bit Axe
15:37 Scale Barding Armor
16:30 Wheelbarrow
21:28 Castle Age
20:51 Gold Mining
22:18 Bow Saw
22:25 Forging
22:18 Husbandry
23:40 Gold Shaft Mining
25:06 Chain Barding Armor
25:10 Stone Mining
25:55 Caravan
26:59 Iron Casting
28:16 Town Watch
32:25 Hand Cart
35:35 Fletching
38:20 Imperial Age
35:15 Light Cavalry
38:44 Cavalier
39:00 Pikeman
39:26 Arson
40:56 Plate Barding Armor
41:22 Blast Furnace
43:23 Halberdier
44:03 Squires
46:56 Paladin
48:17 Bodkin Arrow
48:47 Ballistics
50:33 Conscription
51:14 Heavy Scorpion
55:51 Chemistry
55:16 Chivalry
58:56 Siege Engineers
Nate The Great
6:26 Loom
9:24 Feudal Age
10:33 Double-Bit Axe
11:29 Horse Collar
12:26 Town Watch
13:05 Fletching
24:30 Castle Age
22:54 Padded Archer Armor
25:07 Bodkin Arrow
24:34 Crossbowman
25:30 Leather Archer Armor
26:12 Wheelbarrow
30:45 Gold Mining
31:06 Bow Saw
30:56 Heavy Plow
32:31 Hand Cart
41:30 Imperial Age
41:55 Arbalester
42:38 Bracer
43:08 Ring Archer Armor
43:28 Ballistics
44:16 Chemistry
44:34 Conscription
49:42 Murder Holes
53:07 Yeomen
52:56 Warwolf
leech
5:27 Loom
9:21 Feudal Age
11:10 Double-Bit Axe
11:31 Town Watch
17:16 Horse Collar
22:58 Castle Age
24:00 Bow Saw
23:51 Heavy Plow
23:42 Gold Mining
25:34 Wheelbarrow
25:04 Husbandry
25:15 Bloodlines
26:09 Gold Shaft Mining
28:07 Town Patrol
29:00 Forging
28:55 Scale Barding Armor
32:42 Chain Barding Armor
33:22 Iron Casting
42:28 Imperial Age
40:28 Hand Cart
41:56 Murder Holes
42:12 Masonry
42:19 Stone Mining
43:54 Caravan
44:58 Town Patrol
46:02 Blast Furnace
44:31 Heavy Camel Rider
44:45 Heavy Camel Rider
46:10 Stone Shaft Mining
47:53 Conscription
47:35 Nomads
49:52 Fletching
50:46 Thumb Ring
50:12 Elite Skirmisher
52:53 Padded Archer Armor
53:00 Bodkin Arrow
53:52 Leather Archer Armor
54:42 Bracer
56:03 Chemistry
55:34 Ballistics
Kavorr
4:54 Loom
9:45 Feudal Age
16:01 Fletching
20:48 Double-Bit Axe
24:02 Castle Age
22:47 Gold Mining
22:39 Horse Collar
25:16 Forging
25:04 Bodkin Arrow
24:39 Crossbowman
26:28 Ballistics
26:51 Bow Saw
28:42 Heavy Plow
30:11 Thumb Ring
33:06 Padded Archer Armor
38:53 Gold Shaft Mining
43:48 Imperial Age
44:00 Arbalester
44:41 Bracer
46:02 Leather Archer Armor
45:54 Elite Skirmisher
59:37 Chemistry
zuzmuz
5:07 Loom
10:11 Feudal Age
15:08 Castle Age
19:14 Scale Barding Armor
20:57 Bloodlines
21:28 Double-Bit Axe
22:00 Husbandry
24:03 Pikeman
28:46 Chain Barding Armor
29:36 Bow Saw
29:11 Horse Collar
31:20 Forging
42:08 Wheelbarrow
44:13 Fletching
45:52 Bodkin Arrow
45:58 Padded Archer Armor
46:36 Hand Cart
47:26 Ballistics
47:17 Masonry
47:10 Murder Holes
47:57 Thumb Ring
53:12 Imperial Age
52:44 Elite Skirmisher
58:05 Conscription
57:10 Elite Mangudai
Captain Coach
6:20 Loom
8:50 Feudal Age
9:34 Double-Bit Axe
9:54 Horse Collar
18:52 Gold Mining
21:18 Castle Age
21:33 Bloodlines
21:33 Scale Barding Armor
23:30 Wheelbarrow
23:29 Bow Saw
32:08 Chain Barding Armor
32:58 Forging
32:56 Husbandry
34:24 Iron Casting
36:12 Hand Cart
37:25 Pikeman
38:05 Squires
39:13 Fletching
41:55 Heavy Plow
42:23 Scale Mail Armor
45:12 Imperial Age
43:36 Town Watch
44:14 Chain Mail Armor
44:52 Cavalier
46:14 Plate Barding Armor
45:42 Halberdier
47:28 Blast Furnace
47:29 Plate Mail Armor
48:23 Bodkin Arrow
48:39 Savar
51:40 Arson
51:56 Murder Holes
52:22 Ballistics
53:19 Chemistry
Connection lost

Rejoining the realm…

Still unreachable

The connection could not be restored.

Session expired

The server has moved on; the page needs a fresh start.